 Dungeon Crawl Stone Soup version 0.27-a0-808-g60bc5d92e6 (webtiles) character file.

Game seed: 1637858597905883263

569845 tilp the Sorcerer (level 26, -3/208 HPs)
             Began as a Djinni Venom Mage on Mar 28, 2021.
             Was the Champion of Makhleb.
             Slain by a Killer Klown
             ... wielding a +9 club
              (21 damage)
             ... on level 5 of the Realm of Zot on Mar 29, 2021.
             The game lasted 02:37:49 (51725 turns).

tilp the Sorcerer (Djinni Venom Mage)              Turns: 51725, Time: 02:37:50

Health: -3/208     AC: 24    Str:  7    XL:     26   Next: 93%
Gold:   5328       EV: 23    Int: 38    God:    Makhleb [******] SH:  6 Dex: 17

rFire    + + .     SeeInvis +   a - +9 demon trident (drain)
rCold    + . .     Faith    .   c - +1 buckler "Urasaunu" {rCorr Slay+3 Stlth+}
rNeg     . . .     Spirit   .   m - +2 steam dragon scales
rPois    ∞         Reflect  .   w - +2 helmet {Int+3}
rElec    .         Harm     .   v - +2 cloak {rC+}
rCorr    +         Rampage  .   O - +2 pair of gloves "Osoefis" {Str+3 Dex+6}
Will     +++++                  (boots unavailable)
Stlth    +++++.....             l - amulet of Vitality {Regen+ HP+15}
HPRegen  1.44/turn              X - ring "Pappor" {rPois AC+4 Int+6 Dex-3 SInv}
MPRegen  0.00/turn              G - ring of Xoigoclu {rC+ Will+++ AC+4 Str-3 Stlth+}

@: corroded, flying
A: fire resistance 2, cold vulnerability 1, float, innate caster, hp casting,
extra vitality 1
}: 3/15 runes: barnacled, silver, gossamer
a: Renounce Religion, Minor Destruction, Lesser Servant of Makhleb, Major
Destruction, Greater Servant of Makhleb


You were on level 5 of the Realm of Zot.
You worshipped Makhleb.
Makhleb was exalted by your worship.
You visited 10 branches of the dungeon, and saw 48 of its levels.
You also visited: Bailey, Gauntlet and Ice Cave.

You collected 7376 gold pieces.
You spent 2048 gold pieces at shops.

Inventory:

Hand Weapons
 a - a +9 demon trident of draining (weapon)
 Z - a +3 demon trident of electrocution
Missiles
 h - 90 boomerangs (quivered)
 D - 10 curare-tipped darts
 F - 20 boomerangs of dispersal
 J - 11 throwing nets
 V - 4 silver boomerangs
Armour
 c - the +1 buckler "Urasaunu" (worn) {rCorr Slay+3 Stlth+}
   (You acquired it on level 9 of the Dungeon)

   It affects your accuracy and damage with ranged weapons and melee attacks
   (+3).
   It provides partial protection from all sources of acid and corrosion.
   It makes you more stealthy.
 m - +2 steam dragon scales (worn)
 v - a +2 cloak of cold resistance (worn)
 w - a +2 helmet of intelligence (worn)
 C - a scarf of invisibility
 O - the +2 pair of gloves "Osoefis" (worn) {Str+3 Dex+6}
   (You bought it in a shop on level 2 of the Orcish Mines)

   It affects your strength (+3).
   It affects your dexterity (+6).
Jewellery
 l - the amulet of Vitality (around neck) {Regen+ HP+15}
   (You acquired it on level 7 of the Dungeon)

   [amulet of regeneration]

   It affects your health (+15).
   It increases your rate of regeneration.
 G - the ring of Xoigoclu (right hand) {rC+ Will+++ AC+4 Str-3 Stlth+}
   (You bought it in a shop on level 1 of the Orcish Mines)

   [ring of protection]

   It affects your AC (+4).
   It affects your strength (-3).
   It protects you from cold.
   It affects your willpower, your defense against some magical effects.
   It makes you more stealthy.
 U - the ring "Kistix" {Will+ Int+6 Dex+4}
   (You found it on level 4 of the Shoals)

   [ring of intelligence]

   It affects your intelligence (+6).
   It affects your dexterity (+4).
   It affects your willpower, your defense against some magical effects.
 W - the ring "Taangor" {+Blink rElec rPois Str-2 Slay+5}
   (You found it in a Gauntlet)

   [ring of poison resistance]

   It affects your strength (-2).
   It affects your accuracy and damage with ranged weapons and melee attacks
   (+5).
   It insulates you from electricity.
   It protects you from poison.
   It lets you blink.
 X - the ring "Pappor" (left hand) {rPois AC+4 Int+6 Dex-3 SInv}
   (You took it off a minotaur in a Gauntlet)

   [ring of protection]

   It affects your AC (+4).
   It affects your intelligence (+6).
   It affects your dexterity (-3).
   It protects you from poison.
   It lets you see invisible.
 Y - the ring "Xupiluke" {rC+ rN+}
   (You found it in a Gauntlet)

   [ring of positive energy]

   It protects you from cold.
   It protects you from negative energy.
Wands
 j - a wand of charming (50)
 o - a wand of paralysis (31)
 I - a wand of iceblast (102)
 M - a wand of mindburst (52)
 N - a wand of acid (15)
 R - a wand of digging (7)
Scrolls
 b - 22 scrolls of identify
 f - 16 scrolls of teleportation
 g - 6 scrolls of blinking
 p - 3 scrolls of summoning
 s - 10 scrolls of fog
 y - 2 scrolls of fear
 S - a scroll of holy word
Potions
 d - 6 potions of resistance
 e - 4 potions of berserk rage
 i - 14 potions of heal wounds
 k - a potion of invisibility
 n - a potion of cancellation
 r - 4 potions of haste
 t - 7 potions of brilliance
 z - 6 potions of ambrosia
 A - 13 potions of curing
 B - 5 potions of mutation
 E - 12 potions of lignification
 K - 4 potions of might
 L - 7 potions of attraction
Miscellaneous
 q - a tin of tremorstones (2/2)
 u - a lightning rod (4/4)
 x - a condenser vane
 H - a phantom mirror
 P - a box of beasts
 T - a phial of floods


   Skills:
 - Level 18.0 Fighting
 - Level 14.0 Polearms
 - Level 1.2 Throwing
 - Level 12.0 Armour
 - Level 18.0 Dodging
 - Level 4.0 Stealth
 - Level 4.0 Shields
 + Level 23.9 Spellcasting
 - Level 12.0 Invocations
 - Level 15.0 Evocations


You couldn't memorise any spells.
You knew the following spells:

 Your Spells              Type           Power      Damage    Failure   Level
a - Sting                 Tmut/Pois      100%       1d8       0%          1
b - Poisonous Vapours     Pois/Air       100%       N/A       0%          2
c - Mephitic Cloud        Conj/Pois/Air  100%       N/A       0%          3
d - Ignite Poison         Fire/Tmut/Pois 100%       N/A       0%          3
e - Olgreb's Toxic Radia  Pois           100%       N/A       0%          4
f - Pain                  Necr           100%       1d9       0%          1
g - Call Imp              Summ           100%       N/A       0%          2
h - Dazzling Flash        Conj/Hex       100%       N/A       0%          3
i - Cause Fear            Hex            61%        N/A       0%          4
j - Irradiate             Conj/Tmut      61%        3d34      0%          5
k - Silence               Hex/Air        61%        N/A       0%          5
l - Iron Shot             Conj/Erth      61%        9d11      0%          6
m - Freezing Cloud        Conj/Ice/Air   61%        6-21      0%          6
n - Dispersal             Tloc           61%        N/A       0%          6
o - Lehudib's Crystal Sp  Conj/Erth      61%        10d14     1%          8
p - Malign Gateway        Summ/Tloc      61%        N/A       1%          7
q - Discord               Hex            61%        N/A       1%          8
Your spell library was empty.

Dungeon Overview and Level Annotations

Branches:
Dungeon (15/15)            Temple (1/1) D:5            Lair (6/6) D:9
 Shoals (4/4) Lair:4       Spider (4/4) Lair:4        Slime (0/5) Lair:6
    Orc (2/2) D:12            Elf (1/3) Orc:2        Vaults (5/5) D:14
  Crypt (0/3) Vaults:3     Depths (5/5) D:15            Zot (5/5) Depths:5
 Bailey (visited)           IceCv (visited)         Gauntlet (visited)

Altars:
Ashenzari
Cheibriados
Dithmenos
Elyvilon
Fedhas
Gozag
Hepliaklqana
Kikubaaqudgha
Makhleb
Nemelex Xobeh
Okawaru
Qazlal
Ru
Sif Muna
Trog
Uskayaw
Vehumet
Wu Jian
Xom
Yredelemnul
Zin
The Shining One
Beogh
Jiyva

Shops:
D:3 (   D:10 =   Orc:1 =   Orc:2 ([*:*   Shoals:4 [   Vaults:3 *

Portals:
Hell: Depths:1 Depths:2 Depths:3 Depths:4 Depths:5
Abyss: Depths:1 Depths:4 Depths:5
Pandemonium: Depths:1 Depths:3
Ziggurat: Depths:1

Annotations:
D:3 dig vault
Shoals:4 2 runed translucent doors, quik's ghost, adept DsBe
Depths:2 dig vault
Depths:4 1 transporter


Innate Abilities, Weirdness & Mutations

You are immune to poison.
Your flesh is very heat resistant. (rF++)
You are vulnerable to cold. (rC-)
You float through the air rather than walking.
You learn spells naturally, not from books.
Your magical power is your life essence.
You have superior vitality. (+4 HP)


Message History

Aiming: Lehudib's Crystal Spear (mildly dangerous; 1% risk of failure)
Press: ? - help, Shift-Dir - straight line, f/p - yellow draconian monk
Aim: a yellow draconian monk, wearing a +2 cloak (moderately wounded, misshapen and mutated, 37% to evade)
The crystal spear hits the yellow draconian monk!!!
The yellow draconian monk is severely wounded.
* * * LOW HITPOINT WARNING * * *
A black draconian comes into view. It is wielding a +0 mace.
The yellow draconian monk closely misses you.
The yellow draconian monk completely misses you.
The yellow draconian monk tail-slaps you but does no damage.
Casting: Lehudib's Crystal Spear (mildly dangerous; 1% risk of failure)
Confirm with . or Enter, or press ? or * to list all spells.
Aiming: Lehudib's Crystal Spear (mildly dangerous; 1% risk of failure)
Press: ? - help, Shift-Dir - straight line, f/p - yellow draconian monk
Aim: a yellow draconian monk, wearing a +2 cloak (severely wounded, misshapen and mutated, 37% to evade)
The crystal spear hits the yellow draconian monk!!!
You kill the yellow draconian monk!
Makhleb accepts your kill.
* * * LOW HITPOINT WARNING * * *
Your magical contamination has completely faded away.
The Killer Klown blinks!
Casting: Lehudib's Crystal Spear (mildly dangerous; 1% risk of failure)
Confirm with . or Enter, or press ? or * to list all spells.
Aiming: Lehudib's Crystal Spear (mildly dangerous; 1% risk of failure)
Press: ? - help, Shift-Dir - straight line, f - Killer Klown
Aim: a Killer Klown, wielding a +9 club (27% to evade)
The crystal spear hits the Killer Klown!!!
The Killer Klown is moderately wounded.
* * * LOW HITPOINT WARNING * * *
You block the Killer Klown's attack.
Casting: Lehudib's Crystal Spear (mildly dangerous; 1% risk of failure)
Confirm with . or Enter, or press ? or * to list all spells.
Aiming: Lehudib's Crystal Spear (mildly dangerous; 1% risk of failure)
Press: ? - help, Shift-Dir - straight line, f/p - Killer Klown
Aim: a Killer Klown, wielding a +9 club (moderately wounded, 27% to evade)
The crystal spear hits the Killer Klown!!!!
The Killer Klown is almost dead.
* * * LOW HITPOINT WARNING * * *
The Killer Klown sucker-punches you with a +9 club!!
You die...

.........#...#.###..<#
.........#...#.# #...#
.........#...#.###...#
........^.......###.##
.........##########.#######*
..^.......######...........*
..............##...........*
≈≈≈≈≈≈≈≈..=.d⌠'..p.........*
≈≈≈≈≈≈≈≈≈≈≈≈..##@..........*
≈≈≈≈≈≈≈≈≈≈≈≈..[X^..........*
≈≈≈≈≈≈≈≈≈≈#≈≈.##...........*
≈≈≈≈≈≈≈≈≈≈≈≈..##...........*
≈≈≈≈≈≈≈≈≈≈≈⌠####...........*
≈≈≈≈≈≈≈≈≈≈≈≈# #..........⌠*
≈≈≈≈≈≈≈≈≈≈≈## #...........*
≈≈≈≈≈≈≈≈≈≈≈# #.....⌠.....*
≈≈≈≈≈≈≈≈≈≈≈# ############*


You could see a Killer Klown, a tentacled monstrosity and a black draconian.

Vanquished Creatures
  A dread lich (Vaults:5)
  3 ancient liches
  2 orbs of fire (Zot:5)
  Mara (Depths:2)
  Sojobo (Vaults:3)
  A curse toe (Zot:5)
  2 caustic shrikes
  Margery (Vaults:5)
  the Enchantress (Depths:2)
  Jory (Vaults:5)
  6 golden dragons
  Arachne (Spider:4)
  A bone dragon (Depths:5)
  Rupert (D:14)
  10 tentacled monstrosities
  13 Orb Guardians (Zot:5)
  4 liches
  3 titans (Vaults:5)
  Polyphemus (Shoals:2)
  2 sphinxes
  9 quicksilver dragons
  Frances (Spider:1)
  An ancient champion (Depths:4)
  2 death cobs
  5 krakens
  9 storm dragons
  2 shadow dragons
  6 tengu reavers
  Ilsuiw (Shoals:3)
  16 fire giants
  3 draconian knights
  5 draconian monks
  4 iron dragons
  10 frost giants
  A draconian scorcher (Zot:1)
  A deep elf sorcerer (Vaults:5)
  2 orc warlords
  12 vault wardens
  Louise (D:14)
  6 ghost moths
  Aizul (Depths:2)
  4 emperor scorpions
  3 balrugs
  2 draconian shifters (Zot:1)
  A draconian stormcaller (Depths:5)
  4 spriggan defenders (Depths:2)
  22 ironbound preservers
  3 war gargoyles
  26 very ugly things
  Nessos (Lair:5)
  15 stone giants
  A juggernaut skeleton (Depths:3)
  A vampire knight (Depths:3)
  A deep elf demonologist (Vaults:5)
  4 green draconians
  3 purple draconians
  3 red draconians (Zot:1)
  4 white draconians
  A minotaur (Gauntlet)
  4 black draconians
  2 deep elf annihilators
  5 entropy weavers
  2 dire elephants (Vaults:2)
  6 spark wasps
  2 yellow draconians
  5 merfolk javelineers
  17 ettins
  5 crystal guardians
  The ghost of Killmatronix the Quickloader, a journeyman FoHu of Makhleb (Lair:1)
  7 merfolk impalers
  2 deep elf death magi
  Josephine (Lair:5)
  Fannar (Lair:3)
  5 fire dragons
  9 yaktaur captains
  6 great orbs of eyes
  7 boulder beetles
  4 deep elf high priests
  3 rakshasas
  38 vault guards
  3 ogre magi
  4 hydras
  3 peacekeepers
  A monstrous demonspawn (Depths:1)
  2 hell beasts
  10 spriggan air magi
  5 ice dragons
  4 centaur warriors
  8 merfolk aquamancers
  The ghost of Osasis the Basher, a journeyman VSFi of Qazlal (Lair:2)
  4 death knights
  5 merfolk avatars
  An anaconda (shapeshifter) (Vaults:5)
  3 alligator snapping turtles
  8 ironbound thunderhulks
  Erica (Orc:1)
  10 ironbound frosthearts
  2 catoblepae
  The ghost of Truthflux the Basher, a journeyman GrFi of Nemelex Xobeh (Spider:1)
  3 satyrs
  2 deep troll shamans
  11 tengu warriors
  A dancing weapon (Spider:1)
  14 death yaks
  5 two-headed ogres
  8 deep troll earth magi
  4 spriggan berserkers
  3 orc high priests (Orc:2)
  2 vampire magi
  3 hell hogs (Depths:5)
  2 sun demons (Depths:5)
  7 ironbound beastmasters
  14 hell knights
  A deep elf knight (D:15)
  A shadow wraith (Vaults:3)
  A skeletal warrior (D:15)
  A salamander mystic (Depths:5)
  7 iron trolls
  5 glowing orange brains
  An infernal demonspawn (Depths:1)
  A spark wasp zombie (Depths:3)
  13 orc knights
  A quicksilver dragon simulacrum (Depths:4)
  61 deep trolls
  10 sea snakes
  3 flayed ghosts
  11 lindwurms
  8 necromancers
  6 phantasmal warriors (Vaults:5)
  26 ironbound convokers
  5 wizards
  19 orb spiders
  2 harpies (Shoals:4)
  3 deep elf pyromancers
  An oklob plant (Lair:5)
  A sphinx zombie (Vaults:4)
  A faun (shapeshifter) (Depths:1)
  A deep elf zephyrmancer (Elf:1)
  3 salamanders (Depths:5)
  24 wolf spiders
  4 orc sorcerers (Orc:2)
  57 ugly things
  7 cyclopes
  15 moths of wrath
  21 manticores
  21 fauns
  A moth of wrath (shapeshifter) (Vaults:5)
  12 merfolk sirens
  6 black mambas
  4 centaur zombies
  20 vault sentinels
  3 smoke demons (Depths:5)
  5 water nymphs
  An ice statue (IceCv)
  An orange demon (Depths:3)
  2 fire giant skeletons (Depths:3)
  2 torpor snails
  6 elephants (Lair:5)
  2 molten gargoyles (Lair:6)
  12 cane toads
  2 gargoyles
  An unseen horror (shapeshifter) (D:13)
  11 komodo dragons
  3 unseen horrors
  An ice devil (Depths:3)
  13 freezing wraiths
  A yaktaur (shapeshifter) (Vaults:5)
  7 demonic crawlers
  2 efreet
  A rime drake (Lair:6)
  7 tengu conjurers
  33 yaktaurs
  7 meliai
  A queen bee (Lair:2)
  A human skeleton (Vaults:4)
  A red devil (Depths:1)
  A jumping spider (shapeshifter) (D:13)
  4 polar bears
  30 jumping spiders
  10 trolls
  35 merfolk
  7 wind drakes
  A wolf spider simulacrum (IceCv)
  8 hornets
  40 slime creatures
  A raiju (shapeshifter) (Vaults:5)
  18 blink frogs
  5 snapping turtles
  An ettin zombie (Vaults:4)
  7 dream sheep (Shoals:2)
  55 redbacks
  A shadow (D:12)
  A spriggan skeleton (Depths:3)
  27 tarantellas
  A yak (shapeshifter) (D:15)
  A ynoxinul (Depths:1)
  5 spriggans
  A vampire (D:12)
  7 wyverns
  A death yak simulacrum (IceCv)
  12 water elementals
  2 fire bats (Depths:5)
  8 wraiths
  A basilisk (shapeshifter) (Vaults:5)
  A human (shapeshifter) (Depths:3)
  35 yaks
  7 basilisks
  A neqoxec (Depths:3)
  A yaktaur simulacrum (Vaults:4)
  6 steam dragons
  3 wargs (Orc:2)
  3 swamp worms (Gauntlet)
  3 hell hounds (Lair:6)
  Edmund (D:5)
  3 acid dragons
  12 water moccasins
  60 orc warriors
  Duvessa (D:7)
  6 ice beasts (IceCv)
  A black bear (D:8)
  7 ogres
  49 wolves
  5 boggarts (Vaults:2)
  24 centaurs
  3 kobold brigands
  10 bullfrogs
  2 gnoll sergeants (D:8)
  Dowan (D:7)
  8 killer bees
  13 wights
  5 lava snakes (Lair:6)
  6 draconian simulacra (IceCv)
  2 jellies (D:5)
  27 orc priests
  3 centaur skeletons
  Crazy Yiuf (D:4)
  A bullfrog skeleton (D:5)
  A hound (D:3)
  Ijyb (D:4)
  4 iguanas
  Natasha (thrice) (D:4)
  38 orc wizards
  A hell rat (Lair:1)
  4 troll simulacra (IceCv)
  2 spriggan simulacra (IceCv)
  A killer bee zombie (D:8)
  2 wolf simulacra (IceCv)
  4 centaur simulacra
  A hound skeleton (D:4)
  11 gnolls
  3 ogre simulacra (IceCv)
  8 adders
  2 naga simulacra (IceCv)
  6 river rats (Lair:1)
  A shadow imp (D:3)
  26 white imps
  3 ufetubi
  2 dart slugs
  104 orcs
  4 endoplasms
  2 giant cockroaches
  7 goblins
  5 hobgoblins
  13 jackals
  25 kobolds
  4 quokkas
  6 ball pythons
  5 bats
  A frilled lizard (D:2)
  8 rats
  4 tentacles
1965 creatures vanquished.

Vanquished Creatures (collateral kills)
  A tentacled monstrosity (Zot:1)
  An eldritch tentacle (Zot:3)
  A draconian monk (Zot:3)
  A draconian scorcher (Zot:1)
  A draconian stormcaller (Zot:1)
  2 draconian shifters
  A purple draconian (Zot:3)
  A yellow draconian (Zot:3)
  2 black draconians (Zot:1)
  3 white draconians (Zot:1)
  A deep troll earth mage (Depths:5)
  A sun demon (Depths:5)
  2 iron trolls (Depths:5)
  A salamander mystic (Depths:5)
  A salamander (Depths:5)
  A water moccasin (D:7)
21 creatures vanquished.

Vanquished Creatures (others)
  5 eldritch tentacles
  A slime creature (D:14)
  5 dream sheep (D:3)
  21 fungi
  106 plants
  20 tentacles
158 creatures vanquished.

Grand Total: 2144 creatures vanquished

Notes
Turn   | Place    | Note
-------+----------+-------------------------------------------
     0 | D:1      | tilp the Djinni Venom Mage began the quest for the Orb.
     0 | D:1      | Reached XP level 1. HP: 15/15 MP: 0/0
   118 | D:1      | Reached skill level 3 in Spellcasting
   308 | D:1      | Reached XP level 2. HP: 18/21 MP: 0/0
  1257 | D:1      | Reached XP level 3. HP: 13/25 MP: 0/0
  1257 | D:1      | Learned a level 1 spell: Pain
  2942 | D:2      | Reached skill level 4 in Spellcasting
  3256 | D:2      | Reached XP level 4. HP: 28/31 MP: 0/0
  3690 | D:3      | Found Dyibruch's Antique Weapon Shoppe.
  3728 | D:3      | Reached XP level 5. HP: 17/35 MP: 0/0
  3728 | D:3      | Learned a level 2 spell: Call Imp
  3927 | D:3      | Reached skill level 5 in Spellcasting
  4013 | D:3      | Noticed a dream sheep
  4013 | D:3      | Noticed a dream sheep
  4013 | D:3      | Noticed a dream sheep
  4013 | D:3      | Noticed a dream sheep
  4013 | D:3      | Noticed a dream sheep
  4013 | D:3      | Found a shimmering altar of Xom.
  4018 | D:3      | Killed a dream sheep
  4018 | D:3      | Killed a dream sheep
  4020 | D:3      | Killed a dream sheep
  4020 | D:3      | Killed a dream sheep
  4020 | D:3      | Killed a dream sheep
  4296 | D:3      | Found a bloodstained altar of Trog.
  4299 | D:3      | Found a sacrificial altar of Ru.
  4554 | D:3      | Found a glowing silver altar of Zin.
  4698 | D:4      | Noticed Ijyb
  4701 | D:4      | Killed Ijyb
  4727 | D:4      | Reached XP level 6. HP: 12/40 MP: 0/0
  5261 | D:4      | Reached skill level 6 in Spellcasting
  5531 | D:4      | Noticed Natasha
  5533 | D:4      | Killed Natasha
  5534 | D:4      | Reached skill level 1 in Fighting
  5641 | D:4      | Noticed Natasha
  5643 | D:4      | Killed Natasha
  5769 | D:4      | Noticed Natasha
  5772 | D:4      | Killed Natasha
  5903 | D:4      | Found a runed translucent door.
  5904 | D:4      | Noticed Crazy Yiuf
  6050 | D:5      | Entered Level 5 of the Dungeon
  6054 | D:5      | Reached XP level 7. HP: 40/49 MP: 0/0
  6054 | D:5      | Learned a level 3 spell: Dazzling Flash
  6800 | D:5      | Found a sparkling altar of Nemelex Xobeh.
  7028 | D:5      | Noticed Edmund
  7034 | D:5      | Killed Edmund
  7168 | D:5      | Found a staircase to the Ecumenical Temple.
  7177 | Temple   | Entered the Ecumenical Temple
  7244 | Temple   | Became a worshipper of Makhleb the Destroyer
  7561 | D:6      | Found a glowing golden altar of the Shining One.
  7588 | D:6      | Reached XP level 8. HP: 46/57 MP: 0/0
  8270 | D:6      | Reached skill level 7 in Spellcasting
  9301 | D:7      | Identified a scroll of acquirement
  9301 | D:7      | Acquired the amulet of Vitality {Regen+ HP+15}
  9302 | D:7      | Found the amulet of Vitality {Regen+ HP+15}
  9384 | D:7      | Noticed Duvessa
  9385 | D:7      | Noticed Dowan
  9410 | D:7      | Killed Duvessa
  9411 | D:7      | Reached skill level 8 in Spellcasting
  9416 | D:7      | Killed Dowan
  9416 | D:7      | Reached * piety under Makhleb
  9417 | D:7      | Reached skill level 1 in Invocations
  9417 | D:7      | Reached skill level 1 in Evocations
  9418 | D:7      | Found a stormy altar of Qazlal.
  9441 | D:7      | Reached XP level 9. HP: 62/62 MP: 0/0
  9441 | D:7      | Learned a level 4 spell: Cause Fear
  9577 | D:7      | Found a flagged portal.
  9587 | Bailey   | Entered a bailey
  9793 | Bailey   | Reached skill level 5 in Fighting
  9905 | Bailey   | Reached ** piety under Makhleb
  9977 | Bailey   | Reached skill level 5 in Dodging
  9998 | Bailey   | Reached XP level 10. HP: 72/72 MP: 0/0
 11215 | D:8      | Reached *** piety under Makhleb
 11600 | D:8      | Reached skill level 9 in Spellcasting
 11630 | D:8      | Reached skill level 10 in Fighting
 12062 | D:8      | Found a shadowy altar of Dithmenos.
 12063 | D:8      | Found a hazy altar of Hepliaklqana.
 12119 | D:9      | Acquired the +1 buckler "Urasaunu" {rCorr Slay+3 Stlth+}
 12195 | D:9      | Reached skill level 1 in Shields
 12198 | D:9      | Reached **** piety under Makhleb
 12204 | D:9      | Reached XP level 11. HP: 85/85 MP: 0/0
 12204 | D:9      | Learned a level 5 spell: Irradiate
 12675 | D:9      | Found an iron altar of Okawaru.
 12718 | D:9      | Found a staircase to the Lair.
 12800 | D:10     | Entered Level 10 of the Dungeon
 13040 | D:10     | Found Piqudya's Jewellery Shoppe.
 13060 | D:10     | Bought a +4 ring of protection for 360 gold pieces
 13060 | D:10     | Bought a ring of ice for 250 gold pieces
 13628 | D:11     | Noticed a cyclops
 13632 | D:11     | Killed a cyclops
 13633 | D:11     | Reached skill level 10 in Spellcasting
 13776 | D:11     | Noticed a two-headed ogre
 13782 | D:11     | Killed a two-headed ogre
 13866 | D:11     | Identified the Compendium of Panentheism
 13896 | D:11     | Noticed a green ugly thing
 13903 | D:11     | Killed a green ugly thing
 14405 | D:11     | Reached XP level 12. HP: 101/101 MP: 0/0
 14498 | D:12     | Found a frozen archway.
 14513 | D:12     | Reached ***** piety under Makhleb
 14517 | D:12     | Reached skill level 15 in Fighting
 14517 | D:12     | Reached XP level 13. HP: 107/107 MP: 0/0
 14517 | D:12     | Learned a level 5 spell: Silence
 14524 | IceCv    | Entered an ice cave
 16090 | D:12     | Found a staircase to the Orcish Mines.
 16502 | Orc:1    | Entered Level 1 of the Orcish Mines
 16663 | Orc:2    | Entered Level 2 of the Orcish Mines
 16687 | Orc:2    | Reached ****** piety under Makhleb
 16748 | Orc:2    | Found Ecaxibe's Assorted Antiques.
 16772 | Orc:2    | Found a staircase to the Elven Halls.
 17141 | Orc:2    | Noticed an orc warlord
 17150 | Orc:2    | Killed an orc warlord
 17151 | Orc:2    | Reached skill level 10 in Dodging
 17255 | Orc:2    | Reached skill level 11 in Spellcasting
 17255 | Orc:2    | Reached XP level 14. HP: 114/114 MP: 0/0
 17359 | Orc:2    | Found Humeqypue's General Store.
 17360 | Orc:2    | Found Etherayne's Book Boutique.
 17362 | Orc:2    | Found Cigocophe's Antique Armour Boutique.
 17362 | Orc:2    | Found Ubaorch's Antique Weapon Shop.
 17473 | Orc:1    | Noticed Erica
 17480 | Orc:1    | Killed Erica
 17687 | Orc:1    | Found Fudiezil's Jewellery Shop.
 17832 | Orc:1    | Bought the ring of Xoigoclu {rC+ Will+++ AC+4 Str-3 Stlth+}
                  | for 750 gold pieces
 18040 | D:4      | Killed Crazy Yiuf
 18260 | Lair:1   | Entered Level 1 of the Lair of Beasts
 18570 | Lair:1   | Found a runed translucent door.
 18575 | Lair:1   | Noticed Killmatronix's ghost (journeyman FoHu)
 18585 | Lair:1   | Identified the +0 trident of the Blessed Realm {holy, Int-5
                  | Dex+4 SInv}
 18607 | Lair:1   | Reached skill level 12 in Spellcasting
 19115 | Orc:2    | Bought a pair of crude gloves for 266 gold pieces
 19115 | Orc:2    | Identified the +2 pair of gloves "Osoefis" {Str+3 Dex+6}
                  | (You bought it in a shop on level 2 of the Orcish Mines)
 19129 | Orc:2    | Bought a scroll of identify for 22 gold pieces
 19462 | Lair:2   | Noticed Osasis's ghost (journeyman VSFi)
 19470 | Lair:2   | Found a transporter.
 19474 | Lair:2   | Found a transporter.
 20143 | Lair:3   | Noticed Fannar
 20148 | Lair:3   | Killed Fannar
 20256 | Lair:3   | You are sucked into a shaft and drop 3 floors!
 20256 | Lair:6   | Entered Level 6 of the Lair of Beasts
 20657 | Lair:5   | Noticed Nessos
 20678 | Lair:5   | Killed Nessos
 20739 | Lair:5   | Noticed Josephine
 20748 | Lair:5   | Killed Josephine
 20799 | Lair:4   | Reached skill level 13 in Spellcasting
 20802 | Lair:4   | Found a gate leading to a gauntlet.
 20830 | Gauntlet | Entered a Gauntlet
 20830 | Gauntlet | Found a transporter.
 20830 | Gauntlet | Found a transporter.
 20837 | Gauntlet | Found a transporter.
 20855 | Gauntlet | Found a transporter.
 20876 | Gauntlet | Found the +2 cloak of the Thief {*Fog Slay-2 SInv Stlth+}
 20876 | Gauntlet | Found a transporter.
 20876 | Gauntlet | Found a transporter.
 20876 | Gauntlet | Found a transporter.
 20879 | Gauntlet | Found a transporter.
 20879 | Gauntlet | Found a transporter.
 20893 | Gauntlet | Found a runed translucent door.
 20897 | Gauntlet | Found a transporter.
 20912 | Gauntlet | Found a transporter.
 20925 | Gauntlet | Found a transporter.
 20942 | Gauntlet | Found a transporter.
 20963 | Gauntlet | Found a transporter.
 21204 | Gauntlet | Reached XP level 15. HP: 120/120 MP: 0/0
 21204 | Gauntlet | Learned a level 6 spell: Iron Shot
 21265 | Gauntlet | Identified the ring "Taangor" {+Blink rElec rPois Str-2
                  | Slay+5}
 21279 | Gauntlet | Identified the ring "Pappor" {rPois AC+4 Int+6 Dex-3 SInv}
 21314 | Gauntlet | Identified the ring "Xupiluke" {rC+ rN+}
 21318 | Gauntlet | Identified the Grimoire of the Voyage and Calling
 21320 | Gauntlet | Identified the Incunabulum of Flamy Stones
 21320 | Gauntlet | Identified the +1 robe "Bexoarphe" {rPois Regen+}
 21942 | Lair:4   | Found a hole to the Spider Nest.
 22407 | Lair:4   | Found a staircase to the Shoals.
 22747 | Lair:4   | Acquired the +8 rapier of Disaster {elec, *Corrode Str+6}
 22829 | Lair:5   | Reached skill level 14 in Spellcasting
 23002 | Lair:5   | You are sucked into a shaft and drop 1 floor!
 23688 | Lair:6   | Found a large runed translucent door.
 23688 | Lair:6   | Found a large runed translucent door.
 23704 | Lair:6   | Reached skill level 15 in Spellcasting
 24360 | Lair:6   | Found a viscous altar of Jiyva.
 24360 | Lair:6   | Found a staircase to the Slime Pits.
 24764 | Orc:2    | Bought a scroll of identify for 22 gold pieces
 24764 | Orc:2    | Bought a scroll of identify for 22 gold pieces
 24806 | Orc:2    | Bought a scroll of enchant armour for 210 gold pieces
 24806 | Orc:2    | Bought a scroll of identify for 56 gold pieces
 24814 | Elf:1    | Entered Level 1 of the Elven Halls
 25147 | D:13     | Reached XP level 16. HP: 126/126 MP: 0/0
 25506 | D:14     | Noticed Louise
 25510 | D:14     | Killed Louise
 25598 | D:14     | Found a gate to the Vaults.
 25612 | D:14     | Reached skill level 10 in Invocations
 25612 | D:14     | Reached skill level 10 in Evocations
 25990 | D:14     | Noticed Rupert
 25997 | D:14     | Killed Rupert
 26492 | D:15     | Entered Level 15 of the Dungeon
 26961 | D:15     | Found a staircase to the Depths.
 27289 | Spider:1 | Entered Level 1 of the Spider Nest
 27331 | Spider:1 | Noticed Frances
 27340 | Spider:1 | Killed Frances
 27420 | Spider:1 | Found a runed translucent door.
 27420 | Spider:1 | Found a shimmering altar of Xom.
 27420 | Spider:1 | Noticed Truthflux's ghost (journeyman GrFi)
 27602 | Spider:1 | Reached XP level 17. HP: 131/131 MP: 0/0
 27602 | Spider:1 | Learned a level 6 spell: Freezing Cloud
 28539 | Spider:2 | Reached skill level 16 in Spellcasting
 30024 | Spider:4 | Entered Level 4 of the Spider Nest
 30250 | Spider:4 | Noticed Arachne
 30261 | Spider:4 | Killed Arachne
 30513 | Spider:4 | Reached skill level 17 in Spellcasting
 30730 | Spider:4 | Reached XP level 18. HP: 141/141 MP: 0/0
 30873 | Spider:4 | Got a gossamer rune of Zot
 31231 | Shoals:1 | Entered Level 1 of the Shoals
 32455 | Shoals:2 | Noticed Polyphemus
 32463 | Shoals:2 | Killed Polyphemus
 32522 | Shoals:2 | Reached skill level 18 in Spellcasting
 32964 | Shoals:2 | Found a snail-covered altar of Cheibriados.
 33255 | Shoals:3 | Reached XP level 19. HP: 150/150 MP: 0/0
 33255 | Shoals:3 | Learned a level 6 spell: Dispersal
 33260 | Shoals:3 | Noticed Ilsuiw
 33267 | Shoals:3 | Killed Ilsuiw
 33382 | Shoals:3 | Acquired a scarf of invisibility
 34011 | Shoals:4 | Entered Level 4 of the Shoals
 34211 | Shoals:4 | Found a large runed translucent door.
 34221 | Shoals:4 | Found a large runed translucent door.
 34223 | Shoals:4 | Acquired 867 gold pieces
 34230 | Shoals:4 | Noticed quik's ghost (adept DsBe)
 34493 | Shoals:4 | Identified the Compendium of the Cankerous Compass
 34733 | Shoals:4 | Found Geicy Yfu's Antique Armour Shoppe.
 34919 | Shoals:4 | Identified the ring "Kistix" {Will+ Int+6 Dex+4}
 34998 | Shoals:4 | Identified the ring "Ilacwu" {rPois rN+ Str+8 Dex-2 Slay+3}
 35055 | Shoals:4 | Got a barnacled rune of Zot
 35238 | Lair:1   | Killed Killmatronix's ghost
 35325 | Lair:2   | Killed Osasis's ghost
 35516 | Spider:1 | Killed Truthflux's ghost
 35947 | Vaults:1 | Entered Level 1 of the Vaults
 36380 | Vaults:1 | Reached skill level 15 in Evocations
 36385 | Vaults:1 | Reached XP level 20. HP: 157/157 MP: 0/0
 36409 | Vaults:1 | Reached skill level 1 in Polearms
 37341 | Vaults:1 | Reached skill level 5 in Polearms
 38690 | Vaults:2 | Reached XP level 21. HP: 136/163 MP: 0/0
 38690 | Vaults:2 | Learned a level 8 spell: Lehudib's Crystal Spear
 39040 | Vaults:2 | Acquired 903 gold pieces
 39170 | Vaults:3 | Noticed Sojobo
 39177 | Vaults:3 | Killed Sojobo
 39426 | Vaults:3 | Reached skill level 10 in Polearms
 39776 | Vaults:3 | Found Evofuex's Assorted Antiques.
 39794 | Vaults:3 | Reached skill level 19 in Spellcasting
 39808 | Vaults:3 | Bought a scroll of teleportation for 90 gold pieces
 40099 | Vaults:3 | Found a staircase to the Crypt.
 41605 | Vaults:4 | Reached XP level 22. HP: 169/169 MP: 0/0
 41869 | Depths:1 | Entered Level 1 of the Depths
 41872 | Depths:1 | Found a gateway to a ziggurat.
 41981 | Depths:1 | Found a one-way gate leading to the halls of Pandemonium.
 42415 | Depths:1 | Found a one-way gate to the infinite horrors of the Abyss.
 42682 | Depths:1 | Found a glowing silver altar of Zin.
 42807 | Depths:1 | Found a gateway to Hell.
 42898 | Depths:2 | Noticed Mara
 42904 | Depths:2 | Killed Mara
 42957 | Depths:2 | Noticed a golden dragon
 42962 | Depths:2 | Killed a golden dragon
 43360 | Depths:2 | Noticed a caustic shrike
 43366 | Depths:2 | Killed a caustic shrike
 43367 | Depths:2 | Reached skill level 20 in Spellcasting
 43367 | Depths:2 | Reached skill level 1 in Throwing
 43448 | Depths:2 | Reached XP level 23. HP: 175/175 MP: 0/0
 43448 | Depths:2 | Learned a level 7 spell: Malign Gateway
 43542 | Depths:2 | Noticed Aizul
 43553 | Depths:2 | Killed Aizul
 43663 | Depths:2 | Noticed the Enchantress
 44300 | Depths:2 | Killed the Enchantress
 44557 | Depths:3 | Reached skill level 21 in Spellcasting
 44558 | Depths:3 | Noticed a caustic shrike
 44563 | Depths:3 | Killed a caustic shrike
 44638 | Depths:3 | Noticed a golden dragon
 44640 | Depths:3 | Killed a golden dragon
 45585 | Depths:4 | Noticed a juggernaut
 46022 | Depths:4 | Found a transporter.
 46440 | Depths:5 | Entered Level 5 of the Depths
 46444 | Depths:5 | Reached XP level 24. HP: 181/181 MP: 0/0
 46453 | Depths:5 | Reached skill level 22 in Spellcasting
 46454 | Depths:5 | Reached skill level 1 in Armour
 46883 | Depths:5 | Reached skill level 5 in Armour
 47362 | Depths:5 | Found a gate to the Realm of Zot.
 47921 | Vaults:5 | Entered Level 5 of the Vaults
 47921 | Vaults:5 | Noticed Margery
 48003 | Vaults:5 | Identified the +1 rapier "Eviscerator" {drain, rF+ Will++
                  | Int-5}
 48032 | Vaults:5 | Noticed Jory
 48196 | Vaults:5 | Identified the +0 plate armour "Heow" {Dex+4}
 48238 | Vaults:5 | Reached skill level 15 in Dodging
 48573 | Vaults:5 | Got a silver rune of Zot
 48644 | Vaults:5 | Noticed an ancient lich
 48646 | Vaults:5 | Killed an ancient lich
 48652 | Vaults:5 | Reached XP level 25. HP: 187/187 MP: 0/0
 48652 | Vaults:5 | Learned a level 8 spell: Discord
 48658 | Vaults:5 | Identified the +3 leather armour "Fyjeosal" {Dex+2}
 48681 | Vaults:5 | Killed Margery
 48919 | Vaults:5 | Identified the +1 robe of Duamecs {+Blink rElec rPois
                  | Str-5}
 49003 | Vaults:5 | Reached skill level 10 in Armour
 49132 | Vaults:5 | Identified the +3 leather armour of Xiugass {Will+}
 49150 | Vaults:5 | Noticed a dread lich
 49156 | Vaults:5 | Killed Jory
 49164 | Vaults:5 | Killed a dread lich
 49223 | Vaults:5 | Identified Xaacir's Collected Works on Ghastly Air
 49954 | Zot:1    | Entered Level 1 of the Realm of Zot
 50375 | Zot:1    | Reached XP level 26. HP: 193/193 MP: 0/0
 51298 | Zot:4    | Identified the +1 robe of Piginan {Harm rCorr Str+2 Stlth-}
 51304 | Zot:5    | Entered Level 5 of the Realm of Zot
 51452 | Zot:5    | Reached skill level 23 in Spellcasting
 51687 | Zot:5    | Noticed an ancient lich
 51694 | Zot:5    | Killed an ancient lich
 51694 | Zot:5    | Noticed an orb of fire
 51696 | Zot:5    | Noticed an orb of fire
 51702 | Zot:5    | Noticed a Killer Klown
 51703 | Zot:5    | Noticed an ancient lich
 51707 | Zot:5    | Killed an orb of fire
 51713 | Zot:5    | Killed an orb of fire
 51717 | Zot:5    | Killed an ancient lich
 51725 | Zot:5    | Slain by a Killer Klown

Illustrated notes

Levels and vault maps discovered:
D:1:      co_arrival_square_in_a_square_in_a_square, layout_loops_corners,
          serial_park_tiny_1, supply_closet_lemuel, minmay_crystal_room,
          serial_park_tiny_1, minmay_pentomino_o2
D:2:      layout_loops_ring, grunt_temple_overflow_magic_moments
D:3:      layout_rooms, zin_scriptorium, nicolae_overflow_hidden_temple,
          kb_xom_exploding_sheep, serial_shops, shop, minmay_misc_feat_hallway
D:4:      layout_cave_pools, corexii_hall_statues_i, kennysheep_generic_room_14,
          uniq_natasha, uniq_crazy_yiuf_cottage, uniq_ijyb
D:5:      layout_rooms, minmay_temple_entry_poolview, corexii_leaking_fountain,
          minmay_strange_pillars, nemelex_spade_bored_becter, uniq_edmund
D:6:      layout_layer_cave, lemuel_crystal_altar
D:7:      cheibrodos_steamvent, layout_layer_cave, overflow_temple_1_default,
          enter_bailey_2, uniq_duvessa
D:8:      layout_basic, riverfiend_overflow_shadow_ancestor
D:9:      layout_basic, okawaru_gym_becter, lair_entry_dummy,
          minmay_misc_feat_secret_circle
D:10:     layout_basic, serial_shops, shop
D:11:     layout_loops_ring, hangedman_decor_opposing, minmay_between
D:12:     layout_stronghold, minmay_orc_entry_temple_small,
          portal_ice_cave_entry_imps
D:13:     layout_irregular_city
D:14:     layout_roguey, erik_vaults_2, hex_tiny, lemuel_flamethrower_3,
          uniq_rupert, uniq_louise
D:15:     gammafunk_enter_depths_forms, layout_cave_pools, lemuel_centaur_altar
Temple:   cyrus_temple_forest
Lair:1:   layout_regular_city, ebering_ghost_funeral_grove, minivault_27,
          kennysheep_abandoned_house, infiniplex_staircase_pool_2
Lair:2:   layout_roguey, gammafunk_ghost_hive, grunt_forest_large_clearings,
          grunt_megastairs_1
Lair:3:   layout_roguey, beast_lair_carwin_9, uniq_fannar
Lair:4:   layout_long_grid, elwin_shoals_entry_stream, spider_nest_entry_a,
          gauntlet_entry_generic
Lair:5:   layout_roguey, infiniplex_staircase_pool, grunt_megastairs_4,
          uniq_josephine, uniq_nessos
Lair:6:   cheibrodos_lair_end_hotspot, layout_layer_cave,
          dpeg_slime_entry_enclosed_altar, cheibrodos_lair_lostbears
Shoals:1: layout_shoals
Shoals:2: cheibrodos_shoals_oceanic_diplomacy, layout_shoals,
          wheals_shoals_ruined_temple, uniq_polyphemus
Shoals:3: layout_shoals, uniq_ilsuiw
Shoals:4: shoals_end_simple, layout_shoals, ebering_ghost_disaster_area,
          serial_shops, shop
Spider:1: layout_chambers, ebering_ghost_xom, uniq_frances
Spider:2: layout_spider_delve, hangedman_spider_tarantella_strand
Spider:3: layout_chambers, drop_trap
Spider:4: johnstein_spider_rune_arachne_lair, drop_trap
Orc:1:    layout_caves, minmay_shop_enchanted_jewellery, mines1_david,
          uniq_erica
Orc:2:    st_orc_congregation, layout_caves, serial_shops, shop,
          amcnicky_altar_gilded
Elf:1:    layout_loops_corners, minmay_elf_annihilation,
          minmay_misc_feat_pillars, minmay_shop_star
Vaults:1: vaults_mumra_minichess, nicolae_vaults_mini_display_case,
          nicolae_vaults_ring_of_whatevers, nicolae_vaults_network_barrier,
          special_room_vaults [special_room_orc],
          nicolae_vaults_inception_corners,
          nicolae_vaults_windows_and_doors_thing, ontoclasm_vaults_ring_small,
          hangedman_vaults_capsules, ontoclasm_vaults_ring_small,
          nicolae_vaults_angled_halls, ontoclasm_vaults_loading_screen,
          layout_vaults_omnicross
Vaults:2: ontoclasm_vaults_decontamination, st_smaller_cells,
          hangedman_vaults_slither, v_pattern_5, v_misc_29, vaults_dpeg_ring,
          layout_vaults_chaotic_city
Vaults:3: dpeg_vaults_monster_box, nicolae_vaults_hallways_thing,
          vaults_dpeg_hooks, nicolae_vaults_back_hallway, v_misc_10,
          hangedman_vaults_nails, blue_anna_dwarven_crypt, vaults_room_hallway,
          nicolae_vaults_angled_halls, st_lines, v_misc_2,
          nicolae_vaults_shelves_hall, v_alt_pattern_2, layout_vaults_ring,
          serial_shops, shop, uniq_sojobo
Vaults:4: hangedman_vaults_nails, grunt_vaults_swirl, ontoclasm_vaults_tryst,
          vaults_mumra_lcd, hangedman_vaults_maws, vaults_room_grid,
          vaults_mumra_chevron, layout_vaults_quadrants
Vaults:5: uniq_jory, uniq_margery
Depths:1: layout_gridlike, enter_ziggurat_b, grunt_hell_entry_dis_old,
          rand_demon_pan_entry_7, hangedman_abyss_entry_splay,
          hangedman_abyss_or_decor_stagger, minmay_holes, lemuel_statue_altar
Depths:2: minmay_four_inscribed_fans, layout_gridville, serial_bayou,
          serial_bayou_crossing, serial_bayou_lagoon_a, hell_entry, uniq_mara,
          uniq_enchantress, uniq_aizul
Depths:3: minmay_octo_star, layout_gridville, serial_rivers,
          chequers_serial_rivers_micro_c, chequers_serial_rivers_micro_e,
          chequers_serial_rivers_micro_b, chequers_serial_rivers_small_a,
          chequers_serial_rivers_large_a, chequers_serial_rivers_micro_c,
          rand_demon_pan_entry_5, kennysheep_nub, hangedman_coc_ice_floe
Depths:4: emtedronai_trogs_sanctum, layout_long_grid, abyss_entry,
          grunt_mini_vestibule, serial_sigils, serial_sigils_hangedman_writhe,
          serial_sigils_hangedman_clutch, serial_sigils_hangedman_confine,
          roderic_lattice_a
Depths:5: evilmike_zot_entry_diamond, layout_honeycomb, hellmouth_3, abyss_entry
Zot:1:    layout_cathedral_of_symmetry
Zot:2:    gammafunk_dig_for_victory, layout_basic,
          gammafunk_ghost_berserking_beasts, grunt_ministairs_8
Zot:3:    layout_gridlike
Zot:4:    layout_misc_corridors
Zot:5:    layout_basic, grunt_ministairs_10

Skill      XL: |  1  2  3  4  5  6  7  8  9 10 11 12 13 14 15 16 17 18 19 20 21 22 23 24 25 26 |
---------------+-------------------------------------------------------------------------------+-----
Spellcasting   | 3 4 5 6 8 9 10 11 13 15 17 18 19 20 21 22 23 | 23.9
Fighting       | 2 3 4 6 10 14 15 16 18 | 18.0
Stealth        | 2 3 4 |  4.0
Invocations    | 2 4 6 8 9 10 12 | 12.0
Evocations     | 2 4 6 8 9 12 15 | 15.0
Dodging        | 5 6 10 12 15 18 | 18.0
Shields        | 1 4 |  4.0
Polearms       | 8 11 14 | 14.0
Throwing       | 1 |  1.2
Armour         | 8 12 | 12.0

Action                   |  1- 3 |  4- 6 |  7- 9 | 10-12 | 13-15 | 16-18 | 19-21 | 22-24 | 25-27 || total
-------------------------+-------+-------+-------+-------+-------+-------+-------+-------+-------++-------
Melee: Unarmed           |     1 |       |       |       |       |       |       |       |       ||     1
       Dagger            |     5 |    21 |     4 |    40 |    25 |       |       |       |       ||    95
       Hand axe          |       |     3 |     7 |     4 |       |       |       |       |       ||    14
       Whip              |       |       |       |       |    68 |    14 |       |       |       ||    82
       Staff             |       |       |       |       |     4 |       |       |       |       ||     4
       Demon trident     |       |       |       |       |       |       |    49 |    13 |     3 ||    65
Throw: Boomerang         |       |       |       |     1 |       |       |       |     1 |       ||     2
 Cast: Sting             |    23 |     6 |     4 |     1 |    25 |       |       |       |       ||    59
       Poisonous Vapours |    48 |    50 |    71 |    37 |   116 |   103 |     1 |       |     8 ||   434
       Pain              |     4 |       |     2 |     3 |     2 |       |       |       |       ||    11
       Ignite Poison     |       |    14 |    55 |    73 |   208 |   238 |   306 |   106 |    23 ||  1023
       Mephitic Cloud    |       |     1 |     4 |    24 |    41 |     6 |       |       |       ||    76
       Olgreb's Toxic Ra |       |     1 |    16 |    35 |    91 |   142 |   156 |    84 |    18 ||   543
       Call Imp          |       |       |       |     2 |       |       |       |       |       ||     2
       Irradiate         |       |       |       |    10 |    32 |    17 |     2 |     5 |     3 ||    69
       Silence           |       |       |       |       |     2 |       |     1 |       |       ||     3
       Iron Shot         |       |       |       |       |    64 |   205 |   206 |   120 |    62 ||   657
       Freezing Cloud    |       |       |       |       |       |       |     6 |     1 |       ||     7
       Lehudib's Crystal |       |       |       |       |       |       |    62 |   320 |   205 ||   587
       Dispersal         |       |       |       |       |       |       |       |     2 |       ||     2
       Malign Gateway    |       |       |       |       |       |       |       |     3 |     3 ||     6
       Discord           |       |       |       |       |       |       |       |       |     3 ||     3
Evoke: Wand              |       |       |       |       |     6 |       |       |     1 |       ||     7
       Box of beasts     |       |       |       |       |       |       |       |     1 |       ||     1
  Use: Scroll            |     1 |     1 |    12 |    11 |     9 |     3 |     8 |     6 |     6 ||    57
       Potion            |       |       |       |     1 |       |       |       |       |       ||     1
 Stab: Distracted        |     1 |       |       |     1 |       |       |       |     1 |       ||     3
       Sleeping          |       |       |     1 |       |     2 |       |     2 |       |       ||     5
       Paralysed         |       |       |       |       |    13 |       |       |       |       ||    13
Armor: Robe              |     3 |     7 |    12 |       |       |       |       |       |       ||    22
       Steam dragon scal |       |       |     7 |    42 |    53 |    56 |    48 |    46 |    40 ||   292
Dodge: Dodged            |    11 |    23 |    19 |    68 |   112 |   118 |   136 |    74 |    66 ||   627
Block: Buckler           |       |       |       |    15 |    55 |    44 |    59 |    31 |    25 ||   229

Table legend: (Time is in decaauts)
 A = Elapsed time spent in this place.
 B = Non-inter-level travel time spent in this place.
 C = Inter-level travel time spent in this place.
 D = Time resting spent in this place.
 E = Time spent auto-exploring this place.
 F = Levels seen in this place.
 G = Mean time per level.
                   A        B        C        D        E       F      G
               +--------+--------+--------+--------+--------+-----+--------+
         Total |  51806 |  46859 |   4947 |   5279 |  32837 |  51 | 1015.8 |
       Dungeon |  18290 |  16617 |   1673 |   1986 |  12761 |  15 | 1219.3 |
        Temple |    103 |     57 |     46 |      0 |     56 |   1 |  103.0 |
          Lair |   6216 |   5282 |    934 |    231 |   4181 |   6 | 1036.0 |
        Shoals |   3985 |   3782 |    203 |    484 |   2563 |   4 |  996.2 |
   Spider Nest |   4021 |   3687 |    334 |    110 |   3001 |   4 | 1005.2 |
  Orcish Mines |   1580 |   1248 |    332 |     86 |    813 |   2 |  790.0 |
   Elven Halls |      6 |      6 |      0 |      0 |      0 |   1 |    6.0 |
        Vaults |   7783 |   7094 |    689 |    892 |   4416 |   5 | 1556.6 |
        Depths |   5968 |   5337 |    631 |    520 |   3834 |   5 | 1193.6 |
           Zot |   1771 |   1669 |    102 |    346 |    675 |   5 |  354.2 |
        Bailey |    553 |    553 |      0 |    165 |    156 |   1 |  553.0 |
      Ice Cave |   1031 |   1031 |      0 |    435 |    216 |   1 | 1031.0 |
      Gauntlet |    493 |    493 |      0 |     24 |    165 |   1 |  493.0 |
               +--------+--------+--------+--------+--------+-----+--------+

Top non-repeatable levels by time:
     D:1: 2262 daAuts
     D:6: 1982 daAuts
Vaults:5: 1700 daAuts
Vaults:2: 1663 daAuts
Vaults:1: 1618 daAuts
     D:3: 1616 daAuts
Vaults:4: 1515 daAuts
Depths:2: 1502 daAuts
  Lair:6: 1356 daAuts
Spider:3: 1356 daAuts
Vaults:3: 1287 daAuts
     D:4: 1279 daAuts
  Lair:4: 1255 daAuts
Shoals:2: 1252 daAuts
    D:12: 1252 daAuts
